 Dungeon Crawl Stone Soup version 0.24.0-123-gd5b16e6ec5 (webtiles) character file.

Game seed: 12169697874903406184, levelgen mode: deterministic

63 Chiseanne the Skirmisher (level 3, 0/28 HPs)
             Began as a Demonspawn Warper on Jan 10, 2020.
             Slain by a gnoll
             ... wielding a +1 spear of flaming
              (1 damage)
             ... on level 2 of the Dungeon.
             The game lasted 00:01:53 (1450 turns).

Chiseanne the Skirmisher (Demonspawn Warper)        Turns: 1450, Time: 00:01:53

Health: 0/28       AC:  3    Str: 12    XL:     3   Next: 89%
Magic:  0/6        EV: 12    Int: 14    God:
Gold:   51         SH:  0    Dex: 12    Spells: 7/7 levels left

rFire    . . .     SeeInvis .   a - +0 falchion
rCold    . . .     Gourm    .   (no shield)
rNeg     . . .     Faith    .   b - +0 leather armour
rPois    .         Spirit   +   (no helmet)
rElec    .         Reflect  .   (no cloak)
rCorr    .         Harm     .   (no gloves)
MR       .....                  (no boots)
Stlth    +.........             (no amulet)
HPRegen  0.09/turn              (no ring)
MPRegen  0.10/turn              (no ring)

@: no status effects
A: magic shield
a: no special abilities


You were on level 2 of the Dungeon.
You were not hungry.

You visited 1 branch of the dungeon, and saw 2 of its levels.

You collected 51 gold pieces.

Inventory:

Hand Weapons
 a - a +0 falchion (weapon)
Missiles
 e - 3 boomerangs of dispersal (quivered)
 m - 25 sling bullets
 o - 46 stones
Armour
 b - a +0 leather armour (worn)
 n - a cursed -1 robe
Scrolls
 d - a scroll of blinking
 i - 2 scrolls of remove curse {unknown}
 k - 3 scrolls of amnesia {unknown}
 l - 4 scrolls of identify {unknown}
 p - a scroll of immolation {unknown}
 r - a scroll of teleportation {unknown}
Potions
 c - 2 potions of haste {unknown}
 g - a potion of resistance {unknown}
 h - a potion of cancellation {unknown}
 j - 2 potions of might {unknown}
Comestibles
 f - 5 rations
 q - a chunk of flesh


   Skills:
 * Level 2.7 Fighting
 * Level 2.4 Long Blades
 - Level 0.8 Throwing
 - Level 0.8 Armour
 * Level 2.4 Dodging
 * Level 2.5 Spellcasting
   Level 2.6 Translocations


You had 7 spell levels left.
You didn't know any spells.
Your spell library contained the following spells:

 Spells                   Type           Power        Failure   Level  Hunger
 Blink                    Tloc           N/A          14%         2    ###....
 Shroud of Golubria       Chrm/Tloc      #.....       26%         2    ###....
 Gell's Gravitas          Tloc           #.........   28%         3    ###....
 Lesser Beckoning         Tloc           #.........   28%         3    ###....
 Teleport Other           Tloc           #.......     28%         3    ###....
 Passage of Golubria      Tloc           N/A          67%         4    #####..


Dungeon Overview and Level Annotations

Branches:
Dungeon (2/15)

Altars:


Innate Abilities, Weirdness & Mutations

When hurt, damage is shared between your health and your magic reserves.


Message History

The gnoll is heavily wounded.
The gnoll hits you with a +1 spear of flaming!
The gnoll burns you.
The gnoll hits you with a +2 vampiric spear!
* * * LOW HITPOINT WARNING * * *
The gnoll draws strength from your wounds!
You hit the gnoll but do no damage.
The gnoll is heavily wounded.
The gnoll hits you with a +1 spear of flaming.
* * * LOW HITPOINT WARNING * * *
The gnoll burns you.
* * * LOW HITPOINT WARNING * * *
The gnoll barely misses you.
You riposte.
You barely miss the gnoll.
The gnoll is lightly wounded.
You barely miss the gnoll.
The gnoll is heavily wounded.
The gnoll hits you with a +1 spear of flaming.
* * * LOW HITPOINT WARNING * * *
The gnoll burns you.
You die...

#..........####...###
#.........[####...# #
#................####
#................##.#
####.#....#..........
#.#....#..###.##.#
#.#....#..###.....
#>g............#.#
#@#....#.####.#...
######g###..........#.#
#......###.............
#.###...............#.#
#.........###..#†..
#.........###...#.#
...................
...........###..##.#
g#########...........


You could see 2 gnolls.

Vanquished Creatures
  A gnoll (D:1)
  An ooze (D:1)
  A worm (D:2)
  4 dart slugs
  3 leopard geckos (D:1)
  2 giant cockroaches (D:2)
  4 goblins (D:1)
  7 hobgoblins (D:1)
  2 kobolds (D:1)
  3 bats
  3 frilled lizards (D:1)
  4 rats (D:1)
35 creatures vanquished.

Notes
Turn   | Place    | Note
-------+----------+-------------------------------------------
     0 | D:1      | Chiseanne the Demonspawn Warper began the quest for the
                  | Orb.
     0 | D:1      | Reached XP level 1. HP: 16/16 MP: 3/3
   263 | D:1      | Gained mutation: When hurt, damage is shared between your
                  | health and your magic reserves. [demonic ancestry]
   263 | D:1      | Reached XP level 2. HP: 12/22 MP: 5/5
   578 | D:1      | Reached XP level 3. HP: 23/28 MP: 6/6
  1450 | D:2      | HP: 1/28 [gnoll/+1 spear of flaming (2)]
  1450 | D:2      | Slain by a gnoll

Levels and vault maps discovered:
D:1:      minmay_arrival_arboretum_small, layout_basic
D:2:      layout_basic, lemuel_crystal_altar, first_ration, st_stairs_13

Skill      XL: |  1 |
---------------+----+-----
Long Blades    | 2 |  2.4
Dodging        | 2 |  2.4
Fighting       | |  2.7
Throwing       | |  0.8
Armour         | |  0.8
Spellcasting   | |  2.5
Translocations | |  2.6

Action                   || total
-------------------------++-------
Melee: Falchion          ||   117
Throw: Boomerang         ||     2
 Stab: Sleeping          ||     1
  Eat: Chunk             ||     2
Armor: Leather armour    ||    31
Dodge: Dodged            ||    78
       Rpst.: Falchion   ||    23
